 Dungeon Crawl Stone Soup version 0.29-a0-824-gd827844252 (webtiles) character file.

Game seed: 18108929306494507191

52 greasedhog the Shield-Bearer (level 3, 0/35 HPs)
             Began as a Gnoll Fighter on July 9, 2022.
             Slain by a gnoll
             ... wielding a +0 club
              (3 damage)
             ... on level 2 of the Dungeon.
             The game lasted 00:01:41 (1092 turns).

greasedhog the Shield-Bearer (Gnoll Fighter)        Turns: 1092, Time: 00:01:41

Health: 0/35       AC:  7    Str: 15    XL:     3   Next: 85%
Magic:  4/4        EV:  9    Int:  7    God:
Gold:   79         SH:  5    Dex: 13    Spells: 4/4 levels left

rFire   . . .      SeeInvis .   f - +2 dagger (freeze)
rCold   . . .      Faith    .   c - +0 buckler
rNeg    . . .      Spirit   .   b - +0 scale mail
rPois   .          Reflect  .   (no helmet)
rElec   .          Harm     .   (no cloak)
rCorr   .          Rampage  .   (no gloves)
Will    .....                   (no boots)
Stlth   ..........              (no amulet)
HPRegen 0.11/turn               (no ring)
MPRegen 0.09/turn               (no ring)

@: no status effects
A: fangs 1, strong nose, distributed training
a: no special abilities


You were on level 2 of the Dungeon.
You visited 1 branch of the dungeon, and saw 2 of its levels.

You collected 79 gold pieces.

Inventory:

Hand Weapons
 a - a +0 long sword
 f - a +2 dagger of freezing (weapon)
 g - a +2 whip of holy wrath
Armour
 b - a +0 scale mail (worn)
 c - a +0 buckler (worn)
Scrolls
 h - 2 scrolls of amnesia
Potions
 d - a potion of might


   Skills:
 + Level 6.5 Fighting
 + Level 1.0 Short Blades
 + Level 4.6 Long Blades
 + Level 1.0 Axes
 + Level 1.0 Maces & Flails
 + Level 1.0 Polearms
 + Level 1.0 Staves
 + Level 1.0 Ranged Weapons
 + Level 1.0 Throwing
 + Level 6.5 Armour
 + Level 1.0 Dodging
 + Level 1.0 Stealth
 + Level 6.5 Shields
 + Level 1.0 Unarmed Combat
 + Level 1.0 Spellcasting
 + Level 0.7 Conjurations
 + Level 0.7 Hexes
 + Level 0.7 Summonings
 + Level 0.7 Necromancy
 + Level 0.7 Translocations
 + Level 0.7 Transmutations
 + Level 0.7 Fire Magic
 + Level 0.7 Ice Magic
 + Level 0.7 Air Magic
 + Level 0.7 Earth Magic
 + Level 0.7 Poison Magic
 + Level 1.1 Invocations
 + Level 1.0 Evocations


You had 4 spell levels left.
You didn't know any spells.
Your spell library was empty.

Dungeon Overview and Level Annotations

Branches:
Dungeon (2/15)

Altars:


Innate Abilities, Weirdness & Mutations

You have very sharp teeth.
Your uncanny sense of smell can sniff out nearby items.
Your experience applies equally to all skills.


Message History

You hit the gnoll but do no damage. You bite the gnoll.
The gnoll is moderately wounded.
The gnoll hits you with a +0 spear.
You hit the gnoll. You freeze the gnoll. You bite the gnoll, but do no damage.
The gnoll is severely wounded.
You block the gnoll's attack.
You hit the gnoll. You freeze the gnoll.
You kill the gnoll!
You block the gnoll's attack.
Your Short Blades skill increases to level 1!
Your Axes skill increases to level 1!
Your Maces & Flails skill increases to level 1!
Your Polearms skill increases to level 1!
Your Staves skill increases to level 1!
Your Ranged Weapons skill increases to level 1!
Your Throwing skill increases to level 1!
Your Dodging skill increases to level 1!
Your Stealth skill increases to level 1!
Your Unarmed Combat skill increases to level 1!
Your Spellcasting skill increases to level 1!
Your Evocations skill increases to level 1!
A gnoll comes into view. It is wielding a +0 spear.
The gnoll shouts!
A gnoll comes into view. It is wielding a +0 club.
There is a stone staircase leading down here.
The gnoll shouts!
The gnoll hits you from afar with a +0 spear.
* * * LOW HITPOINT WARNING * * *
The gnoll throws a throwing net.
The throwing net hits you.
You become entangled in the net!
You stop descending the stairs.
Unknown command.
You struggle against the net.
The gnoll hits you from afar with a +0 spear.
* * * LOW HITPOINT WARNING * * *
You tear a large gash into the net.
The gnoll hits you from afar with a +0 spear.
* * * LOW HITPOINT WARNING * * *
You rip the net and break free!
You block the gnoll's attack. You block the gnoll's attack.
The gnoll hits you with a +0 club.
You die...

...########
#....)g.@#
...######g#
#.###...g.########
#.........!†......
..........######..
..###.....######.
#...........^
#.....#..######
#.#####..#


You could see 3 gnolls.

Vanquished Creatures
  A gnoll (D:2)
  An adder (D:2)
  A dart slug (D:1)
  2 endoplasms
  4 giant cockroaches
  3 goblins
  2 hobgoblins
  3 kobolds
  2 quokkas (D:2)
  5 ball pythons
  2 bats
  2 rats
28 creatures vanquished.

Notes
Turn   | Place    | Note
-------+----------+-------------------------------------------
     0 | D:1      | greasedhog the Gnoll Fighter began the quest for the Orb.
     0 | D:1      | Reached XP level 1. HP: 23/23 MP: 1/1
   139 | D:1      | Reached XP level 2. HP: 29/29 MP: 2/2
   989 | D:2      | Reached XP level 3. HP: 31/35 MP: 3/3
  1010 | D:2      | Reached skill level 1 in Invocations
  1086 | D:2      | Reached skill level 1 in Short Blades
  1086 | D:2      | Reached skill level 1 in Axes
  1086 | D:2      | Reached skill level 1 in Maces & Flails
  1086 | D:2      | Reached skill level 1 in Polearms
  1086 | D:2      | Reached skill level 1 in Staves
  1086 | D:2      | Reached skill level 1 in Ranged Weapons
  1086 | D:2      | Reached skill level 1 in Throwing
  1086 | D:2      | Reached skill level 1 in Dodging
  1086 | D:2      | Reached skill level 1 in Stealth
  1086 | D:2      | Reached skill level 1 in Unarmed Combat
  1086 | D:2      | Reached skill level 1 in Spellcasting
  1086 | D:2      | Reached skill level 1 in Evocations
  1092 | D:2      | Slain by a gnoll

Illustrated notes

Levels and vault maps discovered:
D:1:      onia_arrival_mini_maze, layout_loops_cross
D:2:      layout_loops_ring, hellmonk_ecumenical_altar_dog_temple, uniq_natasha

Skill      XL: |  1  2  3 |
---------------+----------+-----
Invocations    | 1 |  1.1
Short Blades   | 1 |  1.0
Axes           | 1 |  1.0
Maces & Flails | 1 |  1.0
Polearms       | 1 |  1.0
Staves         | 1 |  1.0
Ranged Weapons | 1 |  1.0
Throwing       | 1 |  1.0
Dodging        | 1 |  1.0
Stealth        | 1 |  1.0
Unarmed Combat | 1 |  1.0
Spellcasting   | 1 |  1.0
Evocations     | 1 |  1.0
Fighting       | |  6.5
Long Blades    | |  4.6
Armour         | |  6.5
Shields        | |  6.5
Conjurations   | |  0.7
Hexes          | |  0.7
Summonings     | |  0.7
Necromancy     | |  0.7
Translocations | |  0.7
Transmutations | |  0.7
Fire Magic     | |  0.7
Ice Magic      | |  0.7
Air Magic      | |  0.7
Earth Magic    | |  0.7
Poison Magic   | |  0.7

Action                   || total
-------------------------++-------
Melee: Long sword        ||    48
       Bite              ||    14
       Dagger            ||    36
       Whip              ||     2
  Use: Scroll            ||     4
Armor: Scale mail        ||    30
Dodge: Dodged            ||    28
Block: Buckler           ||    30

Table legend: (Time is in decaauts)
 A = Elapsed time spent in this place.
 B = Non-inter-level travel time spent in this place.
 C = Inter-level travel time spent in this place.
 D = Time resting spent in this place.
 E = Time spent auto-exploring this place.
 F = Levels seen in this place.
 G = Mean time per level.
                   A        B        C        D        E       F      G
               +--------+--------+--------+--------+--------+-----+--------+
         Total |   1100 |   1056 |     44 |      0 |    853 |   2 |  550.0 |
       Dungeon |   1100 |   1056 |     44 |      0 |    853 |   2 |  550.0 |
               +--------+--------+--------+--------+--------+-----+--------+

Top non-repeatable levels by time:
     D:1: 937 daAuts
     D:2: 163 daAuts
